 Dungeon Crawl Stone Soup version 0.28-a0-938-gbc3f381ebc (webtiles) character file.

Game seed: 7306676690899370326

151 karkarkar the Chucker (level 5, -5/53 HPs)
             Began as an Ogre Hunter on Nov 28, 2021.
             Was an Initiate of Makhleb.
             Succumbed to a hornet's poison
             ... while paralysed by a hornet
             ... on level 4 of the Dungeon.
             The game lasted 00:15:59 (3210 turns).

karkarkar the Chucker (Ogre Hunter)                 Turns: 3210, Time: 00:15:59

Health: -5/53      AC:  3    Str: 17    XL:     5   Next: 33%
Magic:  5/5        EV:  1    Int: 12    God:    Makhleb [......]
Gold:   152        SH:  0    Dex:  9    Spells: 4/4 levels left

rFire   . . .      SeeInvis .   a - +0 short sword
rCold   . . .      Faith    .   (no shield)
rNeg    . . .      Spirit   .   b - +0 robe
rPois   .          Reflect  .   (helmet restricted)
rElec   .          Harm     .   (no cloak)
rCorr   .          Rampage  .   (gloves unavailable)
Will    .....                   (boots unavailable)
Stlth   +.........              (no amulet)
HPRegen 0.17/turn               (no ring)
MPRegen 0.09/turn               (no ring)

@: paralysed, lethally poisoned (-5 -> -34), slowed
A: large, unfitting armour, tough skin 1
a: Renounce Religion


You were on level 4 of the Dungeon.
You worshipped Makhleb.
Makhleb was noncommittal.
You visited 1 branch of the dungeon, and saw 4 of its levels.

You collected 152 gold pieces.

Inventory:

Hand Weapons
 a - a +0 short sword (weapon)
 f - a +1 dagger of flaming
Missiles
 c - 2 large rocks (quivered)
 d - 2 throwing nets
 l - 10 atropa-tipped darts
Armour
 b - a +0 robe (worn)
Magical Staves
 i - a staff of fire
 j - a staff of poison
Scrolls
 e - a scroll of summoning
 g - a scroll of torment
 o - a scroll of holy word {unknown}
 p - a scroll of immolation {unknown}
 q - a scroll of amnesia {unknown}
 r - a scroll of blinking {unknown}
Potions
 h - a potion of attraction {unknown}
 k - a potion of cancellation {unknown}
 m - a potion of might {unknown}
 n - 2 potions of lignification {unknown}


   Skills:
 + Level 3.3 Fighting
 + Level 1.4 Short Blades
 + Level 5.5 Throwing
 + Level 2.1 Dodging
 + Level 1.1 Stealth


You had 4 spell levels left.
You didn't know any spells.
Your spell library contained the following spells:

 Spells                   Type           Power      Damage    Failure   Level
 Conjure Flame            Conj/Fire      0%         6-21      69%         3
 Ignite Poison            Fire/Tmut/Pois 0%         N/A       69%         3
 Portal Projectile        Hex/Tloc       0%         N/A       69%         3
 Sticky Flame             Conj/Fire      0%         2d3       97%         4
 Blade Hands              Tmut           0%         N/A       100%        5
 Excruciating Wounds      Necr           0%         N/A       100%        5


Dungeon Overview and Level Annotations

Branches:
Dungeon (4/15)
 Temple: D:4-7

Altars:
Hepliaklqana
Makhleb

Shops:
D:1 :   D:2 :

Annotations:
D:3 3 runed translucent doors, jejorda2's ghost, amateur GrBe


Innate Abilities, Weirdness & Mutations

You are too large for most types of armour.
You have tough skin. (AC +1)


Message History

You throw a large rock. The large rock hits the endoplasm!
You kill the endoplasm!
Makhleb accepts your kill.
c - 3 large rocks (gained 1)
You now have 152 gold pieces (gained 13).
As you open the door, it creaks loudly!
A hornet and a dart slug come into view.
Found two ring mails.
You throw a large rock. The large rock hits the dart slug.
The dart slug is moderately wounded.
You hit the dart slug.
The dart slug is severely wounded.
The dart slug launches a dart at you. The slug dart hits you.
You hit the dart slug.
You kill the dart slug!
Makhleb accepts your kill.
You closely miss the hornet. The hornet barely misses you.
The hornet stings you!
You are poisoned.
You feel yourself slow down.
You hit the hornet.
The hornet is lightly wounded.
You feel very sick. The hornet barely misses you. The hornet stings you!
You feel as though you will be slow longer.
You barely miss the hornet.
The hornet is lightly wounded.
You feel very sick. The hornet stings you!
* * * LOW HITPOINT WARNING * * *
You are lethally poisoned!
You suddenly lose the ability to move!
The hornet stings you.
* * * LOW HITPOINT WARNING * * *
You feel as though you will be slow longer.
The hornet stings you!
* * * LOW HITPOINT WARNING * * *
You are more poisoned.
You feel as though you will be slow longer.
You die...

#..##.#.###.#
#...#.#.###.#
##..#.#.....#
..#.#######
###..^....#
#######.#
###.# #...#
#@### #y# [(.
....# .....+
#.....#
#.[...#
#.....#


You could see a hornet.

Vanquished Creatures
  A jelly (D:4)
  5 adders
  3 dart slugs
  8 orcs
  8 bats
  3 endoplasms
  A giant cockroach (D:1)
  4 goblins
  3 hobgoblins
  2 quokkas
  11 ball pythons
  2 frilled lizards
  6 kobolds
  9 rats
66 creatures vanquished.

Notes
Turn   | Place    | Note
-------+----------+-------------------------------------------
     0 | D:1      | karkarkar the Ogre Hunter began the quest for the Orb.
     0 | D:1      | Reached XP level 1. HP: 22/22 MP: 1/1
   134 | D:1      | Reached XP level 2. HP: 27/29 MP: 2/2
   348 | D:1      | Found a faded altar of an unknown god.
   511 | D:1      | Found Tiucew's Book Shop.
   600 | D:1      | Reached XP level 3. HP: 37/37 MP: 3/3
  1186 | D:2      | Reached skill level 5 in Throwing
  1198 | D:2      | Reached XP level 4. HP: 29/45 MP: 4/4
  1532 | D:2      | Found Zoocviffobb's Book Boutique.
  1623 | D:2      | Reached skill level 1 in Short Blades
  2027 | D:3      | Found a runed translucent gate.
  2027 | D:3      | Found a runed translucent gate.
  2028 | D:3      | Found a runed translucent gate.
  2192 | D:3      | Reached skill level 1 in Stealth
  2754 | D:3      | Reached XP level 5. HP: 53/53 MP: 5/5
  2760 | D:3      | Found a hazy altar of Hepliaklqana.
  2891 | D:3      | Noticed jejorda2's ghost (amateur GrBe)
  2914 | D:3      | Found a burning altar of Makhleb.
  2924 | D:3      | Became a worshipper of Makhleb the Destroyer
  3203 | D:4      | Noticed a hornet
  3209 | D:4      | Paralysed by a hornet for 3 turns
  3209 | D:4      | HP: 2/53 [hornet (7)]
  3210 | D:4      | Succumbed to a hornet's poison

Illustrated notes

Levels and vault maps discovered:
D:1:      dpeg_arrival_boxorama, layout_basic, serial_shops,
          nicolae_shop_advertising_works [nicolae_subvault_shop_adworks],
          ebering_ecumenical_altar_mist, minmay_unequal
D:2:      layout_loops_ring, serial_shops, shop_statue
D:3:      layout_basic, marbit_many_paths, bloody_makhleb,
          gammafunk_ghost_necromancy, dk_noncrumbling_3
D:4:      layout_basic, kennysheep_mini_moat, minmay_temple_entry_fiery

Skill      XL: |  1  2  3  4 |
---------------+-------------+-----
Fighting       | 3 |  3.3
Throwing       | 5 |  5.5
Dodging        | 2 |  2.1
Short Blades   | 1 |  1.4
Stealth        | 1 |  1.1

Action                   |  1- 3 |  4- 6 || total
-------------------------+-------+-------++-------
Melee: Short sword       |    46 |    43 ||    89
Throw: Large rock        |    31 |    29 ||    60
       Boomerang         |       |    21 ||    21
       Throwing net      |       |     1 ||     1
  Use: Scroll            |     2 |     2 ||     4
Armor: Robe              |    15 |    28 ||    43
Dodge: Dodged            |    27 |    17 ||    44

Table legend: (Time is in decaauts)
 A = Elapsed time spent in this place.
 B = Non-inter-level travel time spent in this place.
 C = Inter-level travel time spent in this place.
 D = Time resting spent in this place.
 E = Time spent auto-exploring this place.
 F = Levels seen in this place.
 G = Mean time per level.
                   A        B        C        D        E       F      G
               +--------+--------+--------+--------+--------+-----+--------+
         Total |   3262 |   3140 |    122 |    172 |   2505 |   4 |  815.5 |
       Dungeon |   3262 |   3140 |    122 |    172 |   2505 |   4 |  815.5 |
               +--------+--------+--------+--------+--------+-----+--------+

Top non-repeatable levels by time:
     D:3: 1233 daAuts
     D:1: 1052 daAuts
     D:2: 760 daAuts
     D:4: 216 daAuts
